 Dungeon Crawl Stone Soup version 0.31.0-32-g396128a36d (webtiles) character file.

Game seed: 13709953057447819996

187786 KineticRobot the Deadly Accurate (level 17, -14/145 HPs)
             Began as a Demonspawn Gladiator on Apr 10, 2024.
             Was the Champion of Ru.
             Demolished by an ettin simulacrum (23 damage)
             ... in an ice cave.
             The game lasted 01:35:40 (29618 turns).

KineticRobot the Deadly Accurate (DsGl)            Turns: 29618, Time: 01:35:40

Health: -14/145    AC: 13    Str: 15    XL:     17   Next: 45%
Magic:  0/18       EV: 25    Int: 11    God:    Ru [******]
Gold:   3310       SH: 10    Dex: 24    Spells: 18/18 levels left

rFire   . . .        j - +9 triple sword (elec) {'rackle}
rCold   . . .        (shield currently unavailable)
rNeg    . . .        m - +2 troll leather armour
rPois   +            c - +0 helmet
rElec   .            x - +2 cloak
rCorr   .            f - +0 pair of gloves
SInv    .            s - +2 pair of boots
Will    ++...        n - amulet of guardian spirit
Stlth   ++           a - ring of poison resistance
HPRegen 1.24/turn    M - +6 ring of dexterity
MPRegen 0.16/turn

%: guardian spirit
@: exhausted
A: large bone plates 2, clumsy 1, powered by pain 3, no potion heal 1, inability
to use devices, inability to train armour, no air magic, no necromancy magic, no
alchemy magic, condensation shield, demonic willpower, weakness stinger 2, no
forms
}: 1/15 runes: decaying
a: Renounce Religion, Draw Out Power, Power Leap, Apocalypse


You were in an ice cave.
You worshipped Ru.
Ru was exalted by your worship.
You visited 5 branches of the dungeon, and saw 29 of its levels.
You also visited: Sewer and Ice Cave.

You collected 3310 gold pieces.

Inventory:

Hand Weapons
 j - a +9 triple sword of electrocution (weapon) {'rackle}
Missiles
 p - 13 poisoned darts
Armour
 c - a +0 helmet (worn)
 f - a +0 pair of gloves (worn)
 m - a +2 troll leather armour (worn)
 s - a +2 pair of boots (worn)
 x - a +2 cloak (worn)
Jewellery
 a - a ring of poison resistance (left hand)
 b - a +4 ring of protection
 h - the ring of Foolhardiness {Fire Int+5}
   (You found it on level 1 of the Spider Nest)

   [ring of fire]

   Fire:      It enhances your fire magic.
   Int+5:     It affects your intelligence (+5).
   rF+:       It protects you from fire.
   rC-:       It makes you vulnerable to cold.
 n - an amulet of guardian spirit (around neck)
 q - a ring of protection from fire
 z - an amulet of faith
 B - a +4 ring of protection
 M - a +6 ring of dexterity (right hand)
 V - a ring of protection from fire
 X - an amulet of magic regeneration
Scrolls
 l - 3 scrolls of noise
 o - 5 scrolls of fear
 r - 12 scrolls of teleportation
 v - 4 scrolls of amnesia
 w - 3 scrolls of summoning
 y - 3 scrolls of fog
 A - 12 scrolls of identify
 F - 3 scrolls of blinking
 J - 4 scrolls of immolation
 O - 3 scrolls of enchant weapon
 P - 4 scrolls of revelation
 S - 4 scrolls of vulnerability
 T - 2 scrolls of torment
Potions
 k - 6 potions of haste
 t - 4 potions of magic
 u - 5 potions of degeneration
 E - 3 potions of enlightenment
 H - 2 potions of attraction
 K - a potion of mutation
 N - 9 potions of curing
 Q - 9 potions of ambrosia
 U - a potion of heal wounds
 W - 5 potions of might
 Y - a potion of brilliance


   Skills:
 + Level 16.4 Fighting
 - Level 3.0(10.2) Short Blades
 + Level 14.9(15.1) Long Blades
 + Level 17.0 Throwing
 + Level 15.3 Dodging
 - Level 0.4 Stealth
 - Level 1.0 Spellcasting
 - Level 0.8 Hexes


You had 18 spell levels left.
You didn't know any spells.
Your spell library contained the following spells:

 Spells                   Type           Power      Damage    Failure   Level
 Slow                     Hex            8%         N/A       28%         1
 Magic Dart               Conj           0%         1d3       36%         1
 Sandblast                Erth           0%         2d4       36%         1
 Blink                    Tloc           0%         N/A       52%         2
 Call Imp                 Summ           0%         N/A       52%         2
 Lesser Beckoning         Tloc           0%         N/A       52%         2
 Momentum Strike          Conj/Tloc      0%         3d8       52%         2
 Confusing Touch          Hex            2%         N/A       65%         3
 Sigil of Binding         Hex            2%         N/A       65%         3
 Frozen Ramparts          Ice            0%         1d1       75%         3
 Gell's Gravitas          Tloc           0%         N/A       75%         3
 Passwall                 Erth           0%         N/A       75%         3
 Stone Arrow              Conj/Erth      0%         3d7       75%         3
 Teleport Other           Tloc           0%         N/A       75%         3
 Brom's Barrelling Bould  Conj/Erth      0%         2d3       98%         4
 Summon Blazeheart Golem  Fire/Summ      0%         N/A       98%         4
 Fireball                 Conj/Fire      0%         3d3       100%        5
 Iskenderun's Battlesphe  Conj           0%         2d6       100%        5
 Metabolic Englaciation   Hex/Ice        0%         N/A       100%        5
 Dispersal                Tloc           0%         N/A       100%        6
 Orb of Destruction       Conj           0%         9d5       100%        7
 Spellforged Servitor     Conj/Summ      0%         N/A       100%        7
 Vampiric Draining        Necr           Unusable   2d6       N/A         3
 Leda's Liquefaction      Alch/Erth      Unusable   N/A       N/A         4
 Petrify                  Alch/Erth      Unusable   N/A       N/A         4
 Conjure Ball Lightning   Conj/Air       Unusable   3x3d6     N/A         6

Dungeon Overview and Level Annotations

Branches:
Dungeon (15/15)            Temple (0/1) D:6            Lair (5/5) D:11
  Swamp (4/4) Lair:2       Spider (3/4) Lair:3        Slime (0/5) Lair:5
    Orc (2/2) D:10            Elf (0/3) Orc:2        Vaults (0/5) D:13
 Depths (0/4) D:15          Sewer (visited)           IceCv (1/1)

Altars:
Ashenzari
Cheibriados
Fedhas
Gozag
Hepliaklqana
Okawaru
Qazlal
Ru
Uskayaw
Vehumet
Wu Jian
Xom
Yredelemnul

Shops:
D:1 *   D:3 :   D:15 *   Orc:2 *?==

Annotations:
D:12 2 runed translucent doors, aimeelou's ghost, journeyman TrSh
Lair:5 1 runed translucent door
Spider:2 2 transporters, happinesssam's ghost, adept DjEE


Innate Abilities, Weirdness & Mutations

You are mostly covered in large bone plates. (SH +6)
You are clumsy. (Dex -2)
You are powered by pain.
Potions are less effective at restoring your health.
You cannot study or use magical devices.
You cannot train Armour skill.
You cannot study or cast Air magic.
You cannot study or cast Necromancy magic.
You cannot study or cast Alchemy magic.
A meltable shield of frost defends you. (SH +4)
You punish those that try to bend your will. (Will+)
You have a tail ending in a sharp stinger.
You cannot voluntarily change form.


Message History

You hold your ground!
The deep troll simulacrum completely misses you.
You block the deep troll simulacrum's attack.
The deep troll simulacrum claws you. The deep troll simulacrum freezes you!!
As you read the scroll of teleportation, it crumbles to dust.
You feel strangely unstable.
The golden dragon simulacrum bites you but does no damage.
You block the golden dragon simulacrum's attack.
The golden dragon simulacrum tramples you but does no damage.
The deep troll simulacrum misses you.
The deep troll simulacrum barely misses you.
The deep troll simulacrum claws you. The deep troll simulacrum freezes you!
Unknown command.
Your surroundings suddenly seem different.
An Ice Fiend, a freezing wraith and 6 simulacra come into view.
Found 7 gold pieces and a runed trident.
The Ice Fiend roars!
The ettin simulacrum barely misses you.
You block the ettin simulacrum's attack.
The dire elephant simulacrum completely misses you.
The dire elephant simulacrum closely misses you.
The Ice Fiend closely misses you. The Ice Fiend claws you!
The Ice Fiend freezes you!!
* * * LOW HITPOINT WARNING * * *
You focus on the pain.
You feel your power returning.
Okay, then.
You're too exhausted to draw out your power.
Blink to where?
Press: ? - help, Dir - move target
As you read the scroll of blinking, it crumbles to dust.
The Ice Fiend begins to attack, but is stunned by your conviction!
You block the ettin simulacrum's attack.
The ettin simulacrum hits you.
* * * LOW HITPOINT WARNING * * *
The ettin simulacrum freezes you!!
* * * LOW HITPOINT WARNING * * *
The ettin simulacrum barely misses you. The ettin simulacrum hits you!
* * * LOW HITPOINT WARNING * * *
The ettin simulacrum freezes you!!
You die...

#.## #..#
#..## ##.##
##..###..#
#...#..##
##.....#
#....##
#...## ###
##..#
#.#### #
##.#
#@Z#Z#.#.#
.##
#.#Z.ZZ..#
#
#.#ZZ1W#$)#
####...# #
##.## ###


You could see an Ice Fiend, a freezing wraith, a dire elephant simulacrum, a
lindwurm simulacrum, a spriggan defender simulacrum and 3 ettin simulacra.

Vanquished Creatures
  Rupert (D:14)
  A tentacled monstrosity (Swamp:4)
  A thorn hunter (Swamp:4)
  3 emperor scorpions (Spider:2)
  A fire giant (D:15)
  The ghost of Kefanin the Geomancer, an adept GrEE of Vehumet (D:15)
  3 ghost moths
  A very ugly thing (Swamp:4)
  A stone giant (D:15)
  A broodmother (Spider:2)
  An eleionoma (Swamp:4)
  4 bunyips
  2 merfolk javelineers (D:15)
  2 green deaths (Swamp:4)
  2 shambling mangroves (Swamp:4)
  2 entropy weavers
  A sphinx zombie (D:15)
  2 radroaches (Spider:1)
  A ghost crab (Swamp:3)
  9 alligators
  11 hydras
  2 jorogumos
  4 centaur warriors
  A dancing weapon (D:10)
  3 death yaks (Lair:1)
  A naga warrior (D:15)
  5 two-headed ogres
  4 boulder beetles
  2 hell hogs (Lair:5)
  A vampire mage (D:15)
  3 tengu warriors
  7 demonic crawlers
  4 orc high priests (Orc:2)
  2 thrashing horrors (Swamp:4)
  2 deep elf knights (D:15)
  3 spriggans
  3 pharaoh ants
  The ghost of Longtemps the Thaumaturge, a novice OpFE of Vehumet (D:10)
  2 skeletal warriors (D:15)
  3 skysharks
  Lodul (D:14)
  3 spriggan druids
  A death drake (Swamp:3)
  A spark wasp zombie (D:15)
  7 goliath frogs
  An arcanist (D:14)
  A sun moth (Spider:1)
  5 swamp dragons
  3 spriggan simulacra (IceCv)
  9 bog bodies
  A lindwurm (Lair:5)
  A necromancer (D:15)
  2 steelbarb worms
  The ghost of xelsha the Sneak, a novice FoEE of Hepliaklqana (D:6)
  8 orc knights
  An obsidian statue (IceCv)
  A deep elf pyromancer (D:13)
  5 orc sorcerers (Orc:2)
  14 ugly things
  11 wolf spiders
  An oklob plant (Lair:3)
  A manticore (D:14)
  A will-o-the-wisp (Swamp:3)
  17 elephants
  3 meliai (Lair:5)
  2 moths of wrath
  A large abomination (Swamp:4)
  3 kobold blastminers (Orc:2)
  4 cyclopes
  3 orange demons (Swamp:4)
  2 black mambas
  2 molten gargoyles (Lair:5)
  3 torpor snails
  2 efreet
  8 cane toads
  A kobold demonologist (D:12)
  4 rime drakes
  3 freezing wraiths
  An anaconda simulacrum (IceCv)
  11 komodo dragons
  5 ice devils (IceCv)
  A tengu conjurer (D:15)
  4 bloated husks
  A queen bee (Lair:5)
  7 trolls
  A queen bee (shapeshifter) (D:14)
  15 hornets
  Prince Ribbit (D:7)
  10 tyrant leeches
  3 polar bears
  9 tarantellas
  An alligator simulacrum (IceCv)
  14 blink frogs
  A raiju (shapeshifter) (D:14)
  A spriggan zombie (D:15)
  23 slime creatures
  13 jumping spiders
  4 culicivoras
  7 wyverns
  3 shadows (Swamp:4)
  4 basilisks
  2 wraiths (D:13)
  29 yaks
  Eustachio (D:6)
  2 steam dragons
  2 wargs (Orc:1)
  13 minotaur simulacra (IceCv)
  20 redbacks
  Edmund (D:6)
  2 harpy simulacra (IceCv)
  12 swamp worms
  23 vampire mosquitoes
  3 acid dragons
  10 water moccasins
  4 hell hounds (Lair:5)
  A swamp drake (Swamp:1)
  27 orc warriors
  A sky beast (D:7)
  2 laughing skulls (D:13)
  3 black bears
  An ice beast (D:6)
  12 ogres
  3 centaurs
  15 wolves
  2 phantoms
  11 bullfrogs
  4 kobold brigands
  2 brain worms (Sewer)
  3 gnoll sergeants
  5 deep troll simulacra (IceCv)
  6 scorpions
  4 wights (D:7)
  Dowan (D:6)
  50 killer bees
  4 howler monkeys
  4 lava snakes (Lair:5)
  A bombardier beetle (D:5)
  A hound (D:5)
  2 sleepcaps
  19 orc priests
  2 jellies
  7 iguanas
  32 orc wizards
  5 hell rats (Lair:4)
  A boggart simulacrum (D:14)
  13 gnolls
  16 adders
  5 river rats (Sewer)
  2 shadow imps
  2 white imps
  A dart slug (D:5)
  71 orcs
  10 ball pythons
  6 bats
  5 endoplasms
  5 giant cockroaches
  6 goblins
  10 hobgoblins
  6 quokkas
  5 frilled lizards
  9 kobolds
  8 rats
  A butterfly (Lair:4)
918 creatures vanquished.

Vanquished Creatures (others)
  The ghost of xight the Eclecticist, an adept DEFE of Vehumet (Spider:1)
  An eleionoma (Swamp:3)
  2 hydras (Swamp:4)
  A centaur warrior (D:14)
  A ghost crab (Swamp:4)
  A demonic crawler (Spider:2)
  A goliath frog (Swamp:3)
  An orc knight (Orc:1)
  A deep elf zephyrmancer (D:13)
  An orc sorcerer (Orc:1)
  A manticore (D:15)
  A hornet (shapeshifter) (D:15)
  A bloated husk (Swamp:2)
  A tarantella (Spider:1)
  A polar bear (Lair:5)
  A redback (Spider:2)
  A vampire mosquito (Swamp:1)
  A swamp worm (Swamp:1)
  Duvessa (D:6)
  A bullfrog (D:6)
  A scorpion (D:5)
  A deep troll simulacrum (IceCv)
  4 killer bees
  An orc priest (Orc:2)
  A gnoll (D:10)
  An orc (D:6)
  6 foxfires (Swamp:3)
36 creatures vanquished.

Grand Total: 954 creatures vanquished

Notes
Turn   | Place    | Note
-------+----------+-------------------------------------------
     0 | D:1      | KineticRobot the Demonspawn Gladiator began the quest for
                  | the Orb.
     0 | D:1      | Reached XP level 1. HP: 16/16 MP: 1/1
    31 | D:1      | Reached skill level 2 in Throwing
    31 | D:1      | Gained mutation: You sometimes gain a little power by
                  | taking damage. [demonic ancestry]
    31 | D:1      | Reached XP level 2. HP: 16/22 MP: 2/2
   147 | D:1      | Found Negebb's Assorted Antiques.
   521 | D:1      | Learned a level 1 spell: Slow
   715 | D:2      | Gained mutation: You are partially covered in large bone
                  | plates. (SH +4) [demonic ancestry]
   715 | D:2      | Reached XP level 3. HP: 6/28 MP: 3/3
  1398 | D:2      | Identified a scroll of acquirement
  1398 | D:2      | Acquired a manual of Throwing
  1475 | D:2      | Gained mutation: You sometimes gain power by taking damage.
                  | [demonic ancestry]
  1475 | D:2      | Reached XP level 4. HP: 25/34 MP: 4/4
  1909 | D:3      | Found a sacrificial altar of Ru.
  1911 | D:3      | Reached skill level 1 in Spellcasting
  1924 | D:3      | Became a worshipper of Ru the Awakened
  2050 | D:3      | Reached skill level 1 in Long Blades
  2058 | D:3      | Reached XP level 5. HP: 16/40 MP: 0/6
  2259 | D:3      | Found Jodgha's Book Emporium.
  2955 | D:4      | Reached skill level 3 in Throwing
  2962 | D:4      | Gained mutation: You cannot study or use magical devices.
                  | [Ru sacrifice]
  2962 | D:4      | Reached * piety under Ru
  2962 | D:4      | Reached ** piety under Ru
  3759 | D:5      | Entered Level 5 of the Dungeon
  3790 | D:5      | Gained mutation: A meltable shield of frost defends you.
                  | (SH +4) [demonic ancestry]
  3790 | D:5      | Reached XP level 6. HP: 47/47 MP: 7/7
  3867 | D:5      | Reached skill level 4 in Throwing
  4014 | D:5      | Found a glowing drain.
  4052 | Sewer    | Entered a sewer
  4092 | Sewer    | Gained mutation: You have a small tail. [demonic ancestry]
  4092 | Sewer    | Reached XP level 7. HP: 47/54 MP: 8/8
  4282 | Sewer    | Reached skill level 5 in Throwing
  4695 | D:5      | Found a snail-covered altar of Cheibriados.
  5082 | D:5      | Reached XP level 8. HP: 50/61 MP: 9/9
  5087 | D:5      | Reached skill level 5 in Fighting
  5087 | D:5      | Reached skill level 6 in Throwing
  5087 | D:5      | Reached skill level 5 in Dodging
  5242 | D:5      | Found a radiant altar of Vehumet.
  5242 | D:5      | Found an ornate altar of the Wu Jian Council.
  5244 | D:5      | Found a snail-covered altar of Cheibriados.
  5244 | D:5      | Found a shimmering altar of Xom.
  5244 | D:5      | Found an iron altar of Okawaru.
  5341 | D:6      | Noticed Duvessa
  5351 | D:5      | Gained mutation: You cannot train Armour skill. [Ru
                  | sacrifice]
  5351 | D:5      | Reached *** piety under Ru
  5351 | D:5      | Reached **** piety under Ru
  5386 | D:6      | Noticed Dowan
  5398 | D:6      | Killed Duvessa
  5406 | D:6      | Killed Dowan
  5565 | D:6      | Noticed a hornet
  5567 | D:6      | Reached skill level 7 in Throwing
  5571 | D:6      | Killed a hornet
  5707 | D:6      | Noticed Edmund
  5714 | D:6      | Killed Edmund
  5829 | D:6      | Reached XP level 9. HP: 69/69 MP: 10/10
  5868 | D:6      | Found a large runed translucent door.
  5868 | D:6      | Found a large runed translucent door.
  5873 | D:6      | Noticed xelsha's ghost (novice FoEE)
  5874 | D:6      | Noticed Eustachio
  5887 | D:6      | Killed Eustachio
  5888 | D:6      | Reached skill level 5 in Long Blades
  6081 | D:6      | Reached skill level 8 in Throwing
  6111 | D:6      | Found a hazy altar of Hepliaklqana.
  6199 | D:6      | Found a staircase to the Ecumenical Temple.
  6444 | D:7      | Noticed Prince Ribbit
  6452 | D:7      | Killed Prince Ribbit
  7074 | D:7      | Reached skill level 9 in Throwing
  7370 | D:8      | Noticed a two-headed ogre
  7455 | D:8      | Found a basalt altar of Yredelemnul.
  7480 | D:8      | Killed a two-headed ogre
  7481 | D:8      | Reached XP level 10. HP: 56/79 MP: 4/11
  7865 | D:8      | Found a blossoming altar of Fedhas.
  7865 | D:8      | Found a broken altar of Ashenzari.
  7866 | D:8      | Found a hide-covered altar of Uskayaw.
  8078 | D:9      | Found an opulent altar of Gozag.
  8123 | D:9      | Noticed a two-headed ogre
  8132 | D:9      | Reached skill level 10 in Throwing
  8312 | D:9      | Killed a two-headed ogre
  8864 | D:9      | Found a stormy altar of Qazlal.
  8991 | D:10     | Entered Level 10 of the Dungeon
  9004 | D:10     | Found a runed translucent door.
  9004 | D:10     | Found a shimmering altar of Xom.
  9004 | D:10     | Noticed Longtemps's ghost (novice OpFE)
  9004 | D:10     | Noticed a +1 flail of chaos
  9266 | D:10     | Noticed a boulder beetle
  9268 | D:10     | Reached skill level 11 in Throwing
  9273 | D:10     | Gained mutation: You are powered by pain. [demonic
                  | ancestry]
  9273 | D:10     | Reached XP level 11. HP: 76/87 MP: 4/12
  9285 | D:10     | Killed a boulder beetle
  9352 | D:10     | Identified the +1 leather armour of Dishonesty {Will+}
  9361 | D:10     | Found a staircase to the Orcish Mines.
  9396 | D:10     | Identified the +0 ring mail of Duck's Teeth {rC+ rN+ rCorr}
  9716 | D:11     | Found a staircase to the Lair.
  9755 | D:11     | You fall into a shaft and drop 3 floors!
  9957 | D:11     | Noticed a boulder beetle
  9976 | D:11     | Killed a boulder beetle
 10559 | D:12     | Noticed a red ugly thing
 10569 | D:12     | Killed a red ugly thing
 10570 | D:12     | Reached skill level 12 in Throwing
 10727 | D:12     | Found a runed translucent door.
 10728 | D:12     | Noticed a deep troll earth mage
 10728 | D:12     | Noticed a necromancer
 10731 | D:12     | Noticed a skeletal warrior
 10731 | D:12     | Noticed a skeletal warrior
 10732 | D:12     | Noticed a lich
 10733 | D:12     | Noticed aimeelou's ghost (journeyman TrSh)
 10737 | D:12     | Noticed a tengu reaver
 10739 | D:12     | Found a runed translucent door.
 10928 | D:12     | Noticed a five-headed hydra
 11202 | Lair:1   | Entered Level 1 of the Lair of Beasts
 11262 | Lair:1   | Reached skill level 10 in Fighting
 11357 | Lair:1   | Gained mutation: You are mostly covered in large bone
                  | plates. (SH +6) [demonic ancestry]
 11357 | Lair:1   | Reached XP level 12. HP: 66/97 MP: 4/13
 11443 | Lair:1   | Noticed a death yak
 11444 | Lair:1   | Noticed a death yak
 11445 | Lair:1   | Noticed a death yak
 11720 | Lair:1   | Killed a death yak
 11725 | Lair:1   | Killed a death yak
 11727 | Lair:1   | Killed a death yak
 12501 | Lair:2   | Reached skill level 10 in Dodging
 12569 | Lair:2   | Found a staircase to the Swamp.
 12902 | Lair:2   | Reached skill level 13 in Throwing
 13795 | Lair:3   | Reached skill level 10 in Long Blades
 14067 | Lair:3   | Gained mutation: You have a tail ending in a sharp stinger.
                  | [demonic ancestry]
 14067 | Lair:3   | Reached XP level 13. HP: 106/106 MP: 14/14
 14402 | Lair:3   | Found a hole to the Spider Nest.
 14851 | D:6      | Killed xelsha's ghost
 15542 | Lair:4   | Gained mutation: You cannot study or cast Air magic. [Ru
                  | sacrifice]
 15542 | Lair:4   | Gained mutation: You cannot study or cast Alchemy magic.
                  | [Ru sacrifice]
 15542 | Lair:4   | Gained mutation: You cannot study or cast Necromancy magic.
                  | [Ru sacrifice]
 15542 | Lair:4   | Reached ***** piety under Ru
 15847 | Lair:5   | Entered Level 5 of the Lair of Beasts
 16235 | Lair:5   | Found a runed translucent door.
 16236 | Lair:5   | Found a staircase to the Slime Pits.
 16236 | Lair:5   | Noticed an acid blob
 16364 | Lair:5   | Reached skill level 14 in Throwing
 16600 | Lair:5   | Found a large runed translucent door.
 16601 | Lair:5   | Found a large runed translucent door.
 16742 | Lair:5   | Gained mutation: You punish those that try to bend your
                  | will. (Will+) [demonic ancestry]
 16742 | Lair:5   | Reached XP level 14. HP: 101/104 MP: 6/15
 17446 | Orc:1    | Entered Level 1 of the Orcish Mines
 17723 | Orc:1    | Gained mutation: You cannot voluntarily change form. [Ru
                  | sacrifice]
 17817 | Orc:2    | Entered Level 2 of the Orcish Mines
 17973 | Orc:2    | Found a staircase to the Elven Halls.
 18077 | Orc:2    | Found Iweomar's Magic Scroll Shop.
 18077 | Orc:2    | Found Daniur's Assorted Antiques.
 18726 | Orc:2    | Found Temashrem's Jewellery Emporium.
 18740 | Orc:2    | Found Reogifus's Jewellery Emporium.
 19146 | D:10     | Paralysed by a +1 flail of chaos for 1 turns
 19153 | D:10     | Killed Longtemps's ghost
 19457 | D:13     | Identified the +1 leather armour "Zeteis" {rN+++}
 19500 | D:13     | Found a gate to the Vaults.
 19661 | D:13     | Gained mutation: Potions are less effective at restoring
                  | your health. [Ru sacrifice]
 20087 | D:14     | Noticed Rupert
 20098 | D:14     | Killed Rupert
 20317 | D:14     | Noticed Lodul
 20325 | D:14     | Killed Lodul
 21179 | D:15     | Entered Level 15 of the Dungeon
 21196 | D:15     | Noticed a fire giant
 21204 | D:15     | Killed a fire giant
 21269 | D:15     | Found Kaitilyrph's Demolitions Depot.
 21410 | D:15     | Reached XP level 15. HP: 122/125 MP: 14/16
 21419 | D:15     | Reached skill level 15 in Throwing
 21726 | D:15     | Identified the +9 war axe "Mehouton" {spect, rElec rPois
                  | Str+3}
 21735 | D:15     | Found a staircase to the Depths.
 22044 | D:15     | Gained mutation: You are clumsy. (Dex -2) [Ru sacrifice]
 22044 | D:15     | Reached ****** piety under Ru
 22301 | D:15     | Found a runed translucent gate.
 22301 | D:15     | Found a runed translucent gate.
 22302 | D:15     | Found a runed translucent gate.
 22305 | D:15     | Noticed Kefanin's ghost (adept GrEE)
 22306 | D:15     | Found the +7 great mace "Undeadhunter" {deathbane, rN+}
 22307 | D:15     | Found an iron altar of Okawaru.
 22336 | D:15     | Killed Kefanin's ghost
 22676 | Swamp:1  | Entered Level 1 of the Swamp
 23441 | Swamp:2  | Identified the +1 scale mail "Ysyenn" {rPois rN+ Str+3}
 24410 | Swamp:3  | Reached XP level 16. HP: 120/126 MP: 17/17
 24892 | Swamp:4  | Entered Level 4 of the Swamp
 24892 | Swamp:4  | Noticed a thorn hunter
 24899 | Swamp:4  | Killed a thorn hunter
 24900 | Swamp:4  | Reached skill level 15 in Fighting
 25017 | Swamp:4  | Reached skill level 16 in Throwing
 25842 | Swamp:4  | HP: 6/136 [bog body] (9)]
 26060 | Swamp:4  | Noticed a tentacled monstrosity
 26073 | Swamp:4  | Killed a tentacled monstrosity
 26178 | Swamp:4  | Got a decaying rune of Zot
 26707 | Spider:1 | Entered Level 1 of the Spider Nest
 27094 | Spider:1 | Identified the +2 robe of Leapfrog {rPois Int-5 Dex+6}
 27474 | Spider:1 | Found a runed translucent door.
 27475 | Spider:1 | Noticed xight's ghost (adept DEFE)
 27490 | Spider:1 | Killed xight's ghost
 27495 | Spider:1 | Identified the ring of Foolhardiness {Fire Int+5}
 27911 | Spider:2 | Reached XP level 17. HP: 135/144 MP: 14/18
 28190 | Spider:2 | Reached skill level 15 in Dodging
 28276 | Spider:2 | Found a transporter.
 28279 | Spider:2 | Noticed happinesssam's ghost (adept DjEE)
 28284 | Spider:2 | Found a transporter.
 29038 | Spider:3 | Found a glacial archway.
 29045 | IceCv    | Entered an ice cave
 29229 | IceCv    | Reached skill level 17 in Throwing
 29616 | IceCv    | Noticed an Ice Fiend
 29618 | IceCv    | Demolished by an ettin simulacrum

Illustrated notes

Levels and vault maps discovered:
D:1:      spicycebolla_arrival_transporter_tutorial, layout_loops_ring,
          serial_shops, shop
D:2:      layout_loops_cross, guppyfry_early_orc_mine
D:3:      layout_loops_corners, nicolae_ru_great_annihilating_truth,
          serial_shops, nicolae_shop_advertising_works
          [nicolae_subvault_shop_adworks], hex_large, nrook_mini_vaults
D:4:      nicolae_BIG_FREAKIN_CUBE, layout_loops_cross
D:5:      minmay_chambers_of_threes, layout_basic, doesnt_xom_only_xom,
          cheibriados_altar_1, gup_sewer_entry_glass,
          minmay_misc_feat_nine_boxes
D:6:      layout_rooms, mainiacjoe_overflow_brackets,
          minmay_temple_entry_statues, ebering_ghost_disaster_area,
          minmay_hedge_maze, uniq_edmund, uniq_eustachio, uniq_duvessa
D:7:      layout_gridville, eino_curves_02, uniq_prince_ribbit1
D:8:      layout_rooms, gammafunk_temple_overflow_claw,
          yredelemnul_altar_generic
D:9:      layout_cave_pools, lemuel_crystal_altar, nicolae_gozag_seed_capital
D:10:     layout_cave_pools, david_orc_4, ebering_ghost_xom,
          kennysheep_generic_room_8
D:11:     layout_roguey, erik_lair_orcish_takeover, chequers_decorated_corner
D:12:     layout_cave_pools, muffindrake_ghost_dual_entry
D:13:     layout_roguey, david_vaults_1
D:14:     layout_layer_cave, gauntlet_entry_generic, uniq_rupert, uniq_lodul
D:15:     gammafunk_depths_entry_grave, layout_stronghold,
          hangedman_abyss_or_decor_stagger, gammafunk_ghost_fury_of_okawaru,
          minivault_20, nicolae_blasting_shop
Lair:1:   layout_hall_layers
Lair:2:   layout_gridlike, minmay_swamp_entry_swarm, infiniplex_staircase_pool_2
Lair:3:   layout_cave_pods, dummy_spider_entry, st_stairs_9,
          chequers_serial_rivers_micro_e, lemuel_fruit_tree
Lair:4:   layout_small_grid, beast_lair_carwin_2, grunt_megastairs_5,
          lemuel_fruit_fields
Lair:5:   cheibrodos_lair_end_hotspot, layout_small_grid, slime_entry_2,
          special_room [special_room_bee]
Swamp:1:  layout_falls_marsh, evilmike_swamp_ruin_rubble_1,
          infiniplex_staircase_pool
Swamp:2:  layout_falls_marsh, evilmike_swamp_ruin_house_2,
          nicolae_swamp_tree_isthmus
Swamp:3:  layout_basic_swamp, hangedman_swamp_ruin_hall
Swamp:4:  swamp_vile, layout_basic_swamp
Spider:1: nicolae_spider_hilbert_zone_4 [nicolae_spider_hilbert_4_sides_2_open,
          nicolae_spider_hilbert_4_sides_1_open,
          nicolae_spider_hilbert_4_sides_1_open,
          nicolae_spider_hilbert_4_sides_1_open,
          nicolae_spider_hilbert_4_sides_1_open,
          nicolae_spider_hilbert_2_sides_1_open,
          nicolae_spider_hilbert_2_sides_1_open,
          nicolae_spider_hilbert_2_sides_1_open,
          nicolae_spider_hilbert_2_sides_1_open,
          nicolae_spider_hilbert_6_sides_1_open,
          nicolae_spider_hilbert_6_sides_1_open,
          nicolae_spider_hilbert_3_sides_1_open,
          nicolae_spider_hilbert_3_sides_1_open], ebering_ghost_reflecting_pool,
          hellmonk_motheaten_closet
Spider:2: spiders_nest_scorpion_pit, gammafunk_ghost_mausoleum,
          nicolae_spider_eight_legs
Spider:3: layout_spider_delve, portal_ice_cave_entry_pillars_2, uniq_jorgrun
Orc:1:    layout_caves, basic_altar
Orc:2:    st_orc_elflike, layout_diamond_mine, mines1_david
IceCv:    ice_cave_caverns_01

Skill      XL: |  1  2  3  4  5  6  7  8  9 10 11 12 13 14 15 16 17 |
---------------+----------------------------------------------------+-----
Throwing       | 2 3 4 5 7 9 11 12 13 14 15 16 17 | 17.0
Dodging        | 3 4 5 7 8 9 10 11 12 13 14 15 | 15.3
Short Blades   | 3 |  3.0
Spellcasting   | 1 |  1.0
Long Blades    | 1 2 3 4 6 7 8 10 11 12 13 14 | 14.9
Fighting       | 3 4 6 7 8 10 11 12 13 14 15 16 | 16.4
Stealth        | |  0.4
Hexes          | |  0.8

Action                     |  1- 3 |  4- 6 |  7- 9 | 10-12 | 13-15 | 16-18 || total
---------------------------+-------+-------+-------+-------+-------+-------++-------
  Melee: Rapier            |    67 |       |       |       |       |       ||    67
         Punch             |     1 |       |       |       |       |       ||     1
         Triple sword      |    66 |   150 |   214 |   409 |   872 |   550 ||  2261
         Tailslap          |       |       |    23 |    69 |   154 |   110 ||   356
  Throw: Throwing net      |     9 |       |     3 |       |       |     3 ||    15
         Javelin           |     1 |       |    23 |     3 |       |    12 ||    39
         Stone             |       |    16 |    11 |    27 |       |       ||    54
         Boomerang         |       |    44 |     7 |   159 |    90 |   279 ||   579
         Dart              |       |       |    11 |    13 |       |     5 ||    29
 Invoke: Sacrifice Artific |       |     1 |       |       |       |       ||     1
         Power Leap        |       |       |    10 |    18 |     8 |     8 ||    44
         Sacrifice Durabil |       |       |     1 |       |       |       ||     1
         Reject Sacrifices |       |       |       |     2 |       |       ||     2
         Draw Out Power    |       |       |       |     1 |     3 |     3 ||     7
         Apocalypse        |       |       |       |       |     6 |     1 ||     7
         Sacrifice Arcana  |       |       |       |       |     1 |       ||     1
         Sacrifice Purity  |       |       |       |       |     2 |       ||     2
         Sacrifice Forms   |       |       |       |       |     1 |       ||     1
    Use: Potion            |     3 |     2 |     1 |     4 |     4 |     3 ||    17
         Scroll            |     4 |     6 |    11 |    17 |     7 |     8 ||    53
   Stab: Sleeping          |     3 |     1 |     1 |       |       |       ||     5
         Paralysed         |       |     1 |       |       |    12 |     7 ||    20
         Distracted        |       |       |     1 |     2 |     6 |     4 ||    13
         Invisible         |       |       |     2 |     8 |    12 |     3 ||    25
         Held in net/web   |       |       |       |       |       |     1 ||     1
 Armour: Leather armour    |   107 |   113 |   160 |    76 |       |       ||   456
         Troll leather arm |       |       |       |   305 |   667 |   442 ||  1414
  Dodge: Dodged            |   105 |    93 |   159 |   643 |   964 |   783 ||  2747
  Block: Other             |    19 |    35 |    82 |   231 |   379 |   248 ||   994
         Form:             |       |     1 |       |       |       |       ||     1
         Flux              |       |     1 |       |       |       |       ||     1
